 Dungeon Crawl Stone Soup version 0.28.0-53-g5a82cb258f (console) character file.

Game seed: 9232194401912610257

13729 Faeu the Slinger (level 11, -4/76 HPs)
             Began as a Minotaur Fighter on May 28, 2022.
             Was a Priest of Hepliaklqana.
             Slain by a death drake (6 damage)
             ... in a Gauntlet.
             The game lasted 00:52:11 (14129 turns).

Faeu the Slinger (Minotaur Fighter)                Turns: 14129, Time: 00:52:11

Health: -4/76      AC: 22    Str: 37    XL:     11   Next: 79%
Magic:  10/10      EV:  8    Int:  8    God:    Hepliaklqana [***...]
Gold:   834        SH: 11    Dex: 20    Spells: 10/10 levels left

rFire   . . .      SeeInvis .   a - +10 falchion {drain, *Corrode Str+7 Int+3, long}
rCold   . . .      Faith    .   c - +0 buckler
rNeg    . . .      Spirit   .   G - +0 plate armour
rPois   .          Reflect  +   X - +0 hat {Stlth+}
rElec   .          Harm     .   p - +0 cloak
rCorr   .          Rampage  .   g - +0 pair of gloves {Dex+3}
Will    .....      NoTele   +   W - +1 pair of boots
Stlth   ..........              C - amulet of reflection
HPRegen 0.22/turn               v - +6 ring of dexterity
MPRegen 0.12/turn               e - +6 ring of strength

@: lethally poisoned (-4 -> -28), hasted and slowed
A: reduced essence, horns 2, retaliatory headbutt
a: Renounce Religion, Recall Ancestor, Ancestor Identity, Transference


You were in a Gauntlet.
You worshipped Hepliaklqana.
Hepliaklqana was most pleased with you.
You visited 3 branches of the dungeon, and saw 15 of its levels.
You also visited: Gauntlet.

You collected 834 gold pieces.


Innate Abilities, Weirdness & Mutations

Your life essence is reduced to manifest your ancestor. (-10% HP)
You have a pair of horns on your head.
You reflexively headbutt those who attack you in melee.


   Skills:
 - Level 4.4 Fighting
 - Level 14.0 Long Blades
 - Level 14.2 Slings
 + Level 14.1 Armour
 - Level 4.4 Shields


You had 10 spell levels left.
You didn't know any spells.
Your spell library contained the following spells:

 Spells                   Type           Power      Damage    Failure   Level
 Animate Skeleton         Necr           0%         N/A       93%         1
 Apportation              Tloc           0%         N/A       93%         1
 Freeze                   Ice            0%         1d3       93%         1
 Summon Small Mammal      Summ           0%         N/A       93%         1
 Frozen Ramparts          Ice            0%         1d2       100%        3
 Hailstorm                Conj/Ice       0%         3d3       100%        4
 Conjure Ball Lightning   Conj/Air       0%         3x3d6     100%        6
 Discord                  Hex            0%         N/A       100%        8
 Disjunction              Tloc           0%         N/A       100%        8

Inventory:

Hand Weapons
 a - the +10 falchion "Leviticus" (weapon) {drain, *Corrode Str+7 Int+3, long}
   (You found it on level 9 of the Dungeon)

   A truly terrible weapon, it drains the life of any living foe it strikes.
   Str:       It affects your strength (+7).
   Int:       It affects your intelligence (+3).
   *Corrode:  It may corrode you when you take damage.
 b - a +0 hunting sling {sling}
   (You found it on level 5 of the Dungeon)
 k - a +3 falchion {long}
   (You took it off a wight on level 9 of the Dungeon)
 n - a +4 dagger {short}
   (You took it off a goblin on level 2 of the Dungeon)
 O - a +1 scimitar of flaming {long}
   (You took it off Erica on level 8 of the Dungeon)
 Q - a +0 glaive of protection {polearm}
   (You found it on level 10 of the Dungeon)
Missiles
 B - 4 silver boomerangs {throwing}
 J - 31 sling bullets
 T - 22 poisoned darts (quivered) {throwing}
 V - a curare-tipped dart {=fthrowing}
Armour
 c - a +0 buckler (worn)
 g - a +0 pair of gloves of dexterity (worn)
   (You found it in a Gauntlet)
 l - a +1 robe of willpower
   (You took it off Erica on level 8 of the Dungeon)
 p - a +0 cloak (worn)
   (You found it on level 2 of the Dungeon)
 u - a +0 pair of gloves
   (You found it on level 3 of the Dungeon)
 G - a +0 plate armour (worn)
   (You took it off an orc warrior on level 6 of the Dungeon)
 H - a +0 leather armour of poison resistance
   (You found it on level 6 of the Dungeon)
 W - a +1 pair of boots (worn)
   (You found it on level 8 of the Dungeon)
 X - a +0 hat of stealth (worn)
   (You found it on level 12 of the Dungeon)
Jewellery
 e - a +6 ring of strength (right hand)
   (You found it on level 12 of the Dungeon)
 v - a +6 ring of dexterity (left hand)
   (You found it on level 3 of the Dungeon)
 C - an amulet of reflection (around neck)
   (You took it off a gnoll on level 5 of the Dungeon)
Wands
 t - a wand of iceblast (20)
   (You took it off Erica on level 8 of the Dungeon)
 I - a wand of mindburst (23)
   (You found it on level 8 of the Dungeon)
 K - a wand of flame (16)
   (You found it on level 6 of the Dungeon)
 M - a wand of digging (11)
   (You took it off Erolcha on level 9 of the Dungeon)
 S - a wand of charming (4)
   (You found it on level 11 of the Dungeon)
Scrolls
 i - a scroll of acquirement
 j - 4 scrolls of immolation {!r!r}
 r - 2 scrolls of noise {!r}
 s - 2 scrolls of magic mapping {!r}
 y - a scroll of silence {!r}
 A - 2 scrolls of enchant armour {unknown}
 D - a scroll of blinking {unknown}
 E - 2 scrolls of fog {unknown}
 N - a scroll of summoning {unknown}
 P - 4 scrolls of teleportation {@r4}
 Y - a scroll of fear {unknown}
 Z - a scroll of vulnerability {unknown}
Potions
 d - 2 potions of might
 f - 3 potions of degeneration {!q@e2}
 h - 3 potions of curing {@q1}
 m - 2 potions of magic
 o - a potion of berserk rage {!q}
 q - 4 potions of brilliance
 w - a potion of cancellation
 x - a potion of mutation {!q}
 z - 3 potions of haste {@q3}
 R - a potion of flight
Miscellaneous
 L - a box of beasts
   (You found it on level 11 of the Dungeon)

Dungeon Overview and Level Annotations

Branches:
Dungeon (13/15)            Temple (1/1) D:4            Lair (0/6) D:11
    Orc (1/2) D:9         Gauntlet (1/1)
 Vaults: D:13-14

Altars:
Ashenzari
Cheibriados
Dithmenos
Elyvilon
Fedhas
Gozag
Hepliaklqana
Kikubaaqudgha
Makhleb
Nemelex Xobeh
Okawaru
Qazlal
Ru
Sif Muna
Trog
Uskayaw
Vehumet
Wu Jian
Xom
Yredelemnul
Zin
The Shining One

Shops:
D:5 [   D:9 [   D:12 (

Annotations:
Gauntlet 13 transporters, exclusion: 3 lightning spires

....©#≈≈≈≈8§§≈≈#§...........©....
#################################
........h#.#.........#.#....#....
.#.....#h#.#..##Z##..#.#...#.#...
.##...##.#.#.#..#.R#.#.#h.#.©.#..
..##.##..#.#.#..#©.#.#.#h#..#..#.
....©....#.#..#####..#.##..#.#..#
..#####..#.#.#..#..#.#.#..#..P#..
.##...##.#.#.#.°#Z.#.#.#.#..#..#.
h#..8..#.#.#..##°##°.#.##.8#8#..#
h.?(©[...#.#..°°@kZ°°#.#.[#h©.#$!
##########.###########.##########
.................................
.........§∩≈.....................
#################################
##≈...............§##8# #8# #8# #
##8..©.©.©.©.©.©..8#### ### ### #
#≈...............≈#
###.##.##.##.##.###
#.##.##.##.##.# .. ... ..


You could see a death drake (catching breath) and 2 spectral centaur warriors.


Message History

Manelesi hits the centaur warrior zombie but does no damage.
Hit: a) +10 falchion {drain, *Corrode Str+7 Int+3, long}
Press: ? - help, Dir - move target You can't see that place. [Stash: a robe] [the floor.]
Okay, then.
Unknown command.
Unknown command.
You slice the centaur warrior zombie!!
You headbutt the centaur warrior zombie!
Manelesi has departed this plane of existence.
You slice the centaur warrior zombie!!
You headbutt the centaur warrior zombie!
The centaur warrior zombie barely misses you.
You furiously retaliate!
You headbutt the centaur warrior zombie.
The centaur warrior zombie kicks you but does no damage.
You slash the centaur warrior zombie! You slash the centaur warrior zombie!
You destroy the centaur warrior zombie!
The raiju pauses to sniff the ground.
Your Armour skill increases to level 14!
You slash the centaur warrior zombie!
The centaur warrior zombie hits you but does no damage.
You block the centaur warrior zombie's attack.
You slice the centaur warrior zombie!! You slash the centaur warrior zombie!
The centaur warrior zombie hits you but does no damage.
The centaur warrior zombie kicks you. 😕 HP[-2]
You take 2 damage, and now have 74/76 hp.
You hit the centaur warrior zombie.
You block the centaur warrior zombie's attack.
The centaur warrior zombie kicks you but does no damage.
You slice the centaur warrior zombie!! You slice the centaur warrior zombie!!
You destroy the centaur warrior zombie!
The death drake breathes miasma at you.
The foul vapour engulfs you but does no damage.
You hit the death drake.
You are engulfed in dark miasma.
You are poisoned.
You feel sick.
You block the death drake's attack. 😕 HP[-6]
You take 6 damage, and now have 68/76 hp.
You are engulfed in dark miasma.
You are more poisoned.
You feel yourself slow down.
You feel very sick. 😕 HP[-9]
You take 9 damage, and now have 59/76 hp.
You are engulfed in dark miasma.
You are lethally poisoned!
You feel extremely sick.
You block the spectral centaur warrior's attack.
The spectral centaur warrior kicks you but does no damage. 😮 HP[-20]
You take 20 damage, and now have 39/76 hp.
MASSIVE DAMAGE!! (PAUSE)
You hit the spectral centaur warrior.
You are engulfed in dark miasma.
You are more poisoned.
* * * LOW HITPOINT WARNING * * *
x2 You feel extremely sick.
The death drake bites you but does no damage.
The spectral centaur warrior hits you.
* * * LOW HITPOINT WARNING * * *
You block the spectral centaur warrior's attack. 😨 HP[-15]
You take 15 damage, and now have 24/76 hp.
* * * LOW HITPOINT WARNING * * *
You feel extremely sick.
You see here 9 gold pieces. 😱 HP[-13]
You take 13 damage, and now have 11/76 hp.
You feel better. You block the death drake's attack.
The spectral centaur warrior hits you but does no damage.
You block the spectral centaur warrior's attack. 😨 HP[+9]
You regained 9 hp, and now have 20/76 hp.
The death drake breathes miasma at you.
The foul vapour engulfs you but does no damage.
You see here a +0 robe. 😨 HP[+1]
You are engulfed in dark miasma.
You are lethally poisoned!
* * * LOW HITPOINT WARNING * * *
x2 You feel extremely sick.
There is a transporter here. 😱 HP[-18]
You take 18 damage, and now have 3/76 hp.
MASSIVE DAMAGE!! (PAUSE)
You feel better.
You are engulfed in dark miasma.
You are lethally poisoned!
* * * LOW HITPOINT WARNING * * *
x2 You feel extremely sick.
The death drake bites you.
You die...

Skill      XL: |  1  2  3  4  5  6  7  8  9 10 11 |
---------------+----------------------------------+-----
Armour         | 4 5 9 14 | 14.1
Fighting       | 4 |  4.4
Shields        | 4 |  4.4
Long Blades    | 3 4 6 8 10 13 14 | 14.0
Slings         | 12 14 | 14.2

Action                   |  1- 3 |  4- 6 |  7- 9 | 10-12 || total
-------------------------+-------+-------+-------+-------++-------
Melee: Long sword        |    75 |    77 |   346 |       ||   498
       Headbutt          |     9 |     9 |    84 |    39 ||   141
       Falchion          |       |       |       |   160 ||   160
       Scimitar          |       |       |       |    35 ||    35
 Fire: Hunting sling     |       |       |       |    79 ||    79
Throw: Boomerang         |       |       |     3 |       ||     3
       Dart              |       |       |       |     7 ||     7
Invok: Recall Ancestor   |       |       |       |     1 ||     1
       Ancestor Life: He |       |       |       |     1 ||     1
Evoke: Wand              |       |       |     1 |       ||     1
  Use: Scroll            |       |       |     8 |     9 ||    17
       Potion            |       |       |       |     5 ||     5
 Stab: Distracted        |       |       |       |     1 ||     1
       Confused          |       |       |       |     1 ||     1
Armor: Scale mail        |    40 |    41 |    30 |       ||   111
       Plate armour      |       |       |    62 |    74 ||   136
Dodge: Dodged            |    38 |    43 |    51 |    31 ||   163
Block: Buckler           |    14 |    10 |   131 |    78 ||   233
       Reflection        |       |       |    12 |     6 ||    18

Levels and vault maps discovered:
D:1:      dpeg_arrival_yet_another_circle, layout_rooms
D:2:      layout_loops_ring, dreamdust_ecumenical_altar_hidden_monk_grotto,
          basic_altar, kennysheep_generic_room_8
D:3:      layout_basic, mainiacjoe_overflow_small_starburst, serial_glass,
          glass_columns_a, glass_columns_c, glass_columns_c, glass_columns_c,
          glass_columns_a, glass_columns_a, glass_columns_b, glass_columns_a
D:4:      layout_rooms, mainiacjoe_overflow_catwalk,
          minmay_temple_entry_large_hall
D:5:      minmay_opposing_rooms, layout_loops_ring, lemuel_doored_altar,
          serial_shops, nicolae_diamond_shop
D:6:      layout_cave_pools, mainiacjoe_overflow_catch_the_wave,
          minmay_manual_monolith
D:7:      layout_basic, uniq_maggie
D:8:      layout_rooms, xom_teletrap_fun, serial_curves, eino_curves_04,
          eino_curves_01, uniq_erica
D:9:      layout_loops_ring, nicolae_hepliaklqana_hippocampus, orc_david_3,
          uniq_erolcha
D:10:     layout_cave_pods, lemuel_tele_altar, hangedman_abyss_or_decor_stabs,
          hellmonk_guarded_unrand_vitality_bloodlust
D:11:     layout_loops_ring, lair_entry_dummy
D:12:     layout_stronghold, serial_shops, shop
D:13:     layout_cave_pools, ximxim_vaults_locker_room, gauntlet_entry_generic
Temple:   zaba_magenta_temple
Orc:1:    layout_diamond_mine, serial_shops, shop
Gauntlet: gammafunk_gauntlet_one_two_three
          [gammafunk_gauntlet_arena_split_diamond, nicolae_gauntlet_swirl,
          nicolae_gauntlet_arena_blocks, gammafunk_gauntlet_arena_chambers,
          gammafunk_gauntlet_arena_arrow_garden,
          nicolae_gauntlet_arena_quarters, gammafunk_gauntlet_arena_split_x,
          nicolae_gauntlet_arena_x, gammafunk_gauntlet_arena_grid,
          gauntlet_exit_green]

Notes
Turn   | Place    | Note
-------+----------+-------------------------------------------
     0 | D:1      | Faeu the Minotaur Fighter began the quest for the Orb.
     0 | D:1      | Reached XP level 1. HP: 19/19 MP: 0/0
     0 | D:1      | magus.rc [v1.9.6]
    96 | D:1      | Reached XP level 2. HP: 27/27 MP: 1/1
   254 | D:1      | Reached skill level 4 in Armour
   262 | D:1      | Reached skill level 4 in Fighting
   298 | D:1      | Reached skill level 4 in Shields
   301 | D:1      | Reached skill level 3 in Long Blades
   459 | D:2      | Reached XP level 3. HP: 33/33 MP: 2/2
   745 | D:2      | Found a shimmering altar of Xom.
  1026 | D:2      | Found a faded altar of an unknown god.
  1029 | D:2      | Reached XP level 4. HP: 41/41 MP: 3/3
  1511 | D:3      | Found a shadowy altar of Dithmenos.
  1628 | D:3      | You pick up a book of Cantrips and begin reading...
  1628 | D:3      | You add the spells Animate Skeleton, Summon Small Mammal
                  | and Apportation to your library.
  1656 | D:3      | Reached skill level 4 in Long Blades
  2304 | D:4      | Found a glowing golden altar of the Shining One.
  2328 | D:4      | Reached XP level 5. HP: 36/47 MP: 4/4
  2334 | D:4      | Reached skill level 5 in Long Blades
  2392 | D:4      | Reached skill level 6 in Long Blades
  2477 | D:4      | Noticed a phantom
  2488 | D:5      | Entered Level 5 of the Dungeon
  2488 | D:5      | Noticed an ice beast
  2494 | D:5      | HP: 10/47 [ice beast (12)]
  2495 | D:5      | Killed an ice beast
  2496 | D:5      | Reached XP level 6. HP: 12/53 MP: 5/5
  2753 | D:5      | Reached skill level 7 in Long Blades
  2860 | D:5      | Found Aheu's Armour Boutique.
  2916 | D:5      | Reached skill level 8 in Long Blades
  2916 | D:5      | Reached XP level 7. HP: 20/60 MP: 6/6
  3287 | D:5      | Reached skill level 9 in Long Blades
  3288 | D:5      | HP: 11/60 [orc priest/divine providence (14)]
  3594 | D:5      | Found a snail-covered altar of Cheibriados.
  3641 | D:5      | Reached skill level 10 in Long Blades
  3682 | D:5      | Reached XP level 8. HP: 56/67 MP: 7/7
  4084 | D:5      | Reached skill level 11 in Long Blades
  4332 | D:4      | Found a staircase to the Ecumenical Temple.
  4368 | Temple   | Entered the Ecumenical Temple
  4933 | D:5      | Reached skill level 12 in Long Blades
  5047 | D:6      | Reached skill level 13 in Long Blades
  5327 | D:6      | Reached XP level 9. HP: 54/72 MP: 8/8
  5538 | D:6      | Reached skill level 1 in Slings
  5546 | D:6      | Identified a scroll of acquirement
  5567 | D:6      | Reached skill level 2 in Slings
  5619 | D:6      | Reached skill level 3 in Slings
  5794 | D:6      | Found an ornate altar of the Wu Jian Council.
  6057 | D:6      | Found a sacrificial altar of Ru.
  6334 | D:7      | Reached skill level 4 in Slings
  6374 | D:7      | Reached skill level 5 in Slings
  6397 | D:7      | Reached skill level 6 in Slings
  6467 | D:7      | Reached skill level 7 in Slings
  6511 | D:7      | Reached skill level 8 in Slings
  6633 | D:7      | Reached skill level 9 in Slings
  6666 | D:7      | Noticed Maggie
  6701 | D:7      | HP: 15/72 [Maggie/bolt of fire (25)]
  6705 | D:7      | Killed Maggie
  6706 | D:7      | Reached skill level 10 in Slings
  6708 | D:7      | HP: 13/72 [orc priest/+0 hand axe (4)]
  7038 | D:7      | Reached skill level 11 in Slings
  7834 | D:8      | Found a shimmering altar of Xom.
  7886 | D:8      | Noticed Erica
  7900 | D:8      | HP: 12/72 [Erica/lance of force (21)]
  7900 | D:8      | HP: 5/72 [stone wall collision (7)]
  7902 | D:8      | HP: 2/72 [Erica/+1 scimitar of flaming (4)]
  7904 | D:8      | Killed Erica
  7905 | D:8      | Reached skill level 12 in Slings
  7905 | D:8      | Reached skill level 5 in Armour
  7905 | D:8      | Reached XP level 10. HP: 1/80 MP: 9/9
  8460 | D:9      | Found Degag's Armour Shop.
  8476 | D:9      | Found a staircase to the Orcish Mines.
  8678 | D:9      | Found a hazy altar of Hepliaklqana.
  8683 | D:9      | Became a worshipper of Hepliaklqana the Forgotten
  8755 | D:9      | Reached skill level 13 in Slings
  9023 | D:9      | Noticed Erolcha
  9041 | D:9      | Killed Erolcha
  9042 | D:9      | Reached skill level 14 in Slings
  9257 | D:9      | Identified the +10 falchion "Leviticus" {drain, *Corrode
                  | Str+7 Int+3}
  9574 | D:10     | Entered Level 10 of the Dungeon
  9599 | D:9      | Reached skill level 14 in Long Blades
  9655 | Orc:1    | Entered Level 1 of the Orcish Mines
  9687 | D:10     | Reached skill level 6 in Armour
  9702 | D:10     | Reached skill level 7 in Armour
  9793 | D:10     | Found a bloodstained altar of Trog.
  9844 | D:10     | Reached * piety under Hepliaklqana
  9921 | D:10     | You pick up a book of Chaos and begin reading...
  9921 | D:10     | You add the spells Conjure Ball Lightning, Disjunction and
                  | Discord to your library.
  9952 | D:10     | Noticed a deep troll
  9952 | D:10     | Noticed a deep troll
  9952 | D:10     | Noticed a deep troll
  9953 | D:10     | Noticed a deep troll
  9999 | D:11     | Reached skill level 8 in Armour
 10097 | D:11     | Reached skill level 9 in Armour
 10184 | D:11     | Found a staircase to the Lair.
 10187 | D:11     | Noticed a two-headed ogre
 10193 | D:11     | Killed a two-headed ogre
 10194 | D:11     | Reached XP level 11. HP: 43/76 MP: 10/10
 10407 | D:11     | Reached skill level 10 in Armour
 10865 | D:11     | You pick up a book of Frost and begin reading...
 10865 | D:11     | You add the spells Freeze, Frozen Ramparts and Hailstorm to
                  | your library.
 11156 | D:12     | Noticed a four-headed hydra
 11158 | D:12     | Noticed a green ugly thing
 11166 | D:12     | Killed a one-headed hydra
 11167 | D:12     | Reached skill level 11 in Armour
 11174 | D:12     | Killed a green ugly thing
 11634 | D:12     | Found Kuuracah's Weapon Boutique.
 11709 | D:12     | Reached skill level 12 in Armour
 11733 | D:12     | Reached ** piety under Hepliaklqana
 11734 | D:12     | Remembered your ancestor Manelesi as a hexer
 12309 | D:13     | Noticed a boulder beetle
 12353 | D:13     | Killed a boulder beetle
 12354 | D:13     | Reached skill level 13 in Armour
 12361 | D:13     | Noticed a centaur warrior
 12364 | D:13     | HP: 9/76 [centaur warrior/arrow (18)]
 12370 | D:13     | Killed a centaur warrior
 12682 | D:13     | Found a gate leading to a gauntlet.
 12691 | Gauntlet | Entered a Gauntlet
 12691 | Gauntlet | Found a transporter.
 12701 | Gauntlet | Found a transporter.
 12715 | Gauntlet | Found a transporter.
 12717 | Gauntlet | Noticed a white ugly thing
 12717 | Gauntlet | Noticed a cyan ugly thing
 12719 | Gauntlet | Noticed a glowing orange brain
 12720 | Gauntlet | Found a transporter.
 12740 | Gauntlet | Found a transporter.
 12754 | Gauntlet | Found a transporter.
 12766 | Gauntlet | Found a transporter.
 12769 | Gauntlet | Noticed a death drake
 12778 | Gauntlet | Found a transporter.
 12788 | Gauntlet | Noticed a necromancer
 12790 | Gauntlet | Found a transporter.
 12790 | Gauntlet | Noticed a death yak
 12790 | Gauntlet | Noticed a death yak
 12792 | Gauntlet | Noticed a death yak
 12792 | Gauntlet | Noticed a death yak
 12801 | Gauntlet | Noticed a wolf spider
 12802 | Gauntlet | Found a transporter.
 12819 | Gauntlet | Found a transporter.
 12836 | Gauntlet | Found a transporter.
 12838 | Gauntlet | Found a transporter.
 12863 | Gauntlet | Found a transporter.
 12865 | Gauntlet | Found a transporter.
 12865 | Gauntlet | Noticed a soul eater
 12867 | Gauntlet | Found a transporter.
 12889 | Gauntlet | Found a transporter.
 12965 | Gauntlet | Reached *** piety under Hepliaklqana
 12969 | Gauntlet | Found a transporter.
 13384 | Gauntlet | Noticed a shining eye
 13395 | Gauntlet | Noticed a lindwurm
 13399 | Gauntlet | Noticed a sea snake
 13399 | Gauntlet | a shining eye changed into a sea snake
 13442 | Gauntlet | Noticed a harpy
 13443 | Gauntlet | a harpy changed into a troll
 13493 | Gauntlet | Noticed a two-headed ogre
 13493 | Gauntlet | a sea snake changed into a two-headed ogre
 13540 | Gauntlet | a two-headed ogre changed into an elephant
 13596 | Gauntlet | Noticed a mana viper
 13596 | Gauntlet | a cyclops changed into a mana viper
 13628 | Gauntlet | a mana viper changed into a culicivora
 13632 | Gauntlet | Noticed a shining eye
 13632 | Gauntlet | a torpor snail changed into a shining eye
 13640 | Gauntlet | a shining eye changed into a manticore
 13748 | Gauntlet | Noticed a swamp dragon
 13748 | Gauntlet | a cyclops changed into a swamp dragon
 13785 | Gauntlet | Noticed a fire crab
 13785 | Gauntlet | a komodo dragon changed into a fire crab
 13787 | Gauntlet | Noticed a lindwurm
 13787 | Gauntlet | a fire crab changed into a lindwurm
 13812 | Gauntlet | a lindwurm changed into a swamp worm
 13834 | Gauntlet | a swamp dragon changed into a cyclops
 13883 | Gauntlet | Noticed a lindwurm
 13883 | Gauntlet | a water nymph changed into a lindwurm
 13885 | Gauntlet | a lindwurm changed into a guardian serpent
 13902 | Gauntlet | Noticed a lindwurm
 13902 | Gauntlet | a cyclops changed into a lindwurm
 13947 | Gauntlet | Noticed a death drake
 13947 | Gauntlet | a guardian serpent changed into a death drake
 13954 | Gauntlet | a lindwurm changed into a merfolk
 13959 | Gauntlet | Noticed a fire crab
 13959 | Gauntlet | a death drake changed into a fire crab
 13977 | Gauntlet | a fire crab changed into a komodo dragon
 13977 | Gauntlet | Noticed an anaconda
 13977 | Gauntlet | a merfolk changed into an anaconda
 13991 | Gauntlet | Noticed a deep troll
 13991 | Gauntlet | an anaconda changed into a deep troll
 14032 | Gauntlet | a deep troll changed into a dream sheep
 14114 | Gauntlet | Reached skill level 14 in Armour
 14125 | Gauntlet | HP: 11/76 [poisoned by a death drake (dark miasma)]
 14128 | Gauntlet | HP: 3/76 [poisoned by a death drake (dark miasma)]
 14129 | Gauntlet | Slain by a death drake

Vanquished Creatures
  A hydra (D:12)
  Erolcha (D:9)
  A boulder beetle (D:13)
  A centaur warrior (D:13)
  Erica (D:8)
  A two-headed ogre (D:11)
  An ugly thing (D:12)
  Maggie (D:7)
  A meliai (shapeshifter) (Gauntlet)
  2 trolls
  2 slime creatures (D:12)
  A shadow (D:6)
  8 yaks
  5 vampire mosquitoes
  An acid dragon (D:10)
  A water moccasin (D:7)
  5 ice beasts
  3 sky beasts
  4 orc warriors
  A black bear (D:5)
  2 necrophages (D:5)
  2 ogres
  7 centaurs
  2 phantoms
  2 kobold brigands
  4 scorpions
  A water moccasin skeleton (D:6)
  5 killer bees (D:9)
  7 wights
  2 bullfrog zombies
  8 howler monkeys
  5 centaur zombies
  5 hounds
  6 orc priests
  A bullfrog skeleton (D:7)
  An iguana (D:5)
  4 orc wizards
  A killer bee zombie (D:8)
  A hound zombie (D:5)
  2 hound skeletons (D:5)
  3 howler monkey zombies
  5 adders
  A gnoll (D:5)
  2 shadow imps (D:5)
  2 white imps
  A worm (D:2)
  A dart slug (D:1)
  23 orcs
  10 endoplasms
  3 giant cockroaches
  7 goblins
  6 hobgoblins
  17 kobolds
  4 quokkas
  10 ball pythons
  3 bats
  2 frilled lizards
  5 rats (D:2)
215 creatures vanquished.

Vanquished Creatures (collateral kills)
  A slime creature (D:12)
  A centaur zombie (D:11)
  A troll (D:13)
  A centaur (D:12)
  An orc wizard (D:12)
5 creatures vanquished.

Vanquished Creatures (others)
  A human (D:13)
  2 ancestors
  2 hexers
  A kobold (D:8)
  5 fungi (Gauntlet)
  8 plants (Gauntlet)
19 creatures vanquished.

Grand Total: 239 creatures vanquished

Table legend:
 A = Non-vault XP
 B = Vault XP
 C = Vault XP percentage of total XP
 D = Non-vault monster count
 E = Vault monster count
 F = Vault count percentage of total count
                 A         B        C        D         E       F
            +---------+---------+-------+---------+---------+-------
      Total |   15074 |    4540 |  23.1 |     191 |      29 |  13.2
            +---------+---------+-------+---------+---------+-------
        D:1 |      38 |       0 |   0.0 |      20 |       0 |   0.0
        D:2 |      61 |       0 |   0.0 |      22 |       0 |   0.0
        D:3 |      86 |       0 |   0.0 |      15 |       0 |   0.0
        D:4 |     592 |       0 |   0.0 |      20 |       0 |   0.0
        D:5 |     905 |     515 |  36.3 |      14 |      10 |  41.7
        D:6 |     564 |     537 |  48.8 |       8 |       7 |  46.7
        D:7 |    1188 |     428 |  26.5 |      23 |       1 |   4.2
        D:8 |     328 |     828 |  71.6 |      13 |       1 |   7.1
        D:9 |    1034 |    1005 |  49.3 |      13 |       7 |  35.0
       D:10 |    1290 |       0 |   0.0 |       9 |       0 |   0.0
       D:11 |    3507 |       0 |   0.0 |      14 |       0 |   0.0
       D:12 |    3498 |       0 |   0.0 |      17 |       0 |   0.0
       D:13 |    1983 |       0 |   0.0 |       3 |       0 |   0.0
   Gauntlet |       0 |    1227 | 100.0 |       0 |       3 | 100.0
            +---------+---------+-------+---------+---------+-------

Illustrated notes

Table legend:
 A = Kills in this place as a percentage of kills in entire the game.
 B = Kills by you in this place as a percentage of kills by you in the entire game.
 C = Kills by friends in this place as a percentage of kills by friends in the entire game.
 D = Other kills in this place as a percentage of other kills in the entire game.
 E = Experience gained in this place as a percentage of experience gained in the entire game.
 F = Experience gained in this place divided by the number of levels of this place that you have seen.
                   A       B       C       D       E      F
               +-------+-------+-------+-------+-------+----------------------
         Total | 100.0 | 100.0 | 100.0 |   N/A | 100.0 | 1225.9
       Dungeon |  98.6 |  98.6 | 100.0 |   N/A |  93.7 | 1414.4
      Gauntlet |   1.4 |   1.4 |   0.0 |   N/A |   6.3 | 1227.0
               +-------+-------+-------+-------+-------+----------------------

Table legend: (Time is in decaauts)
 A = Elapsed time spent in this place.
 B = Non-inter-level travel time spent in this place.
 C = Inter-level travel time spent in this place.
 D = Time resting spent in this place.
 E = Time spent auto-exploring this place.
 F = Levels seen in this place.
 G = Mean time per level.
                   A        B        C        D        E       F      G
               +--------+--------+--------+--------+--------+-----+--------+
         Total |  13974 |  13368 |    606 |   2984 |   7236 |  16 |  873.4 |
       Dungeon |  12330 |  11724 |    606 |   2386 |   6711 |  13 |  948.5 |
        Temple |    231 |    231 |      0 |      0 |    204 |   1 |  231.0 |
  Orcish Mines |      1 |      1 |      0 |      0 |      0 |   1 |    1.0 |
      Gauntlet |   1410 |   1410 |      0 |    598 |    321 |   1 | 1410.0 |
               +--------+--------+--------+--------+--------+-----+--------+

Top non-repeatable levels by time:
     D:5: 2248 daAuts
Gauntlet: 1410 daAuts
     D:8: 1280 daAuts
     D:9: 1220 daAuts
    D:11: 1143 daAuts
    D:12: 1107 daAuts
     D:3: 1065 daAuts
     D:6: 915 daAuts
     D:7: 813 daAuts
     D:2: 804 daAuts
     D:4: 559 daAuts
     D:1: 465 daAuts
    D:13: 391 daAuts
    D:10: 313 daAuts
  Temple: 231 daAuts
